 Dungeon Crawl Stone Soup version 0.28.0 (webtiles) character file.

Game seed: 4692007131574349995

13962 ReploidZero the Geomancer (level 12, 0/67 HPs)
             Began as a Gargoyle Earth Elementalist on Feb 10, 2022.
             Was a Priest of Vehumet.
             Killed from afar by an oklob plant (20 damage)
             ... with a splash of acid
             ... on level 1 of the Lair of Beasts.
             The game lasted 00:33:35 (13023 turns).

ReploidZero the Geomancer (GrEE)                   Turns: 13023, Time: 00:33:40

Health: 0/67       AC: 11    Str: 13    XL:     12   Next: 11%
Magic:  34/34      EV: 11    Int: 23    God:    Vehumet [***...]
Gold:   425        SH:  0    Dex: 10    Spells: 5/30 levels left

rFire   . . .      SeeInvis .   v - +2 dire flail (freeze)
rCold   . . .      Faith    .   (shield currently unavailable)
rNeg    + . .      Spirit   .   s - +0 robe of Lust {rPois Int+3}
rPois   ∞          Reflect  .   j - +0 helmet
rElec   +          Harm     .   (no cloak)
rCorr   .          Rampage  .   (no gloves)
Will    .....                   (no boots)
Stlth   ++........              H - amulet of magic regeneration
HPRegen 0.21/turn               i - ring of magical power
MPRegen 0.64/turn               p - +4 ring of protection

@: corroded
A: sickness immunity, AC +8, negative energy resistance 1, electricity
resistance, torment resistance 1, petrification resistance
a: Renounce Religion


You were on level 1 of the Lair of Beasts.
You worshipped Vehumet.
Vehumet was most pleased with you.
You visited 3 branches of the dungeon, and saw 11 of its levels.

You collected 567 gold pieces.
You spent 142 gold pieces at shops.

Inventory:

Hand Weapons
 v - a +2 dire flail of freezing (weapon)
Missiles
 c - 235 stones
Armour
 j - a +0 helmet (worn)
 s - the +0 robe of Lust (worn) {rPois Int+3}
   (You bought it in a shop on level 5 of the Dungeon)

   Int:       It affects your intelligence (+3).
   rPois:     It protects you from poison.
Jewellery
 b - an amulet of reflection
 i - a ring of magical power (left hand)
 p - a +4 ring of protection (right hand)
 w - a ring of protection from fire
 H - an amulet of magic regeneration (around neck)
 I - a ring of willpower
 J - a ring of resist corrosion
Wands
 d - a wand of acid (4)
 l - a wand of polymorph (6)
 y - a wand of paralysis (8)
 A - a wand of digging (5)
 D - a wand of flame (29)
 G - a wand of charming (6)
Scrolls
 a - 2 scrolls of enchant weapon
 f - 9 scrolls of teleportation
 k - 4 scrolls of magic mapping
 q - a scroll of immolation {unknown}
 t - 2 scrolls of summoning
 C - a scroll of amnesia
 E - a scroll of brand weapon
Potions
 e - a potion of attraction
 g - a potion of flight
 h - 4 potions of cancellation
 m - 2 potions of berserk rage
 n - a potion of brilliance
 o - a potion of ambrosia
 r - 3 potions of heal wounds
 u - 2 potions of curing
 x - a potion of degeneration {unknown}
 z - a potion of mutation
 B - a potion of lignification {unknown}
 F - a potion of magic {unknown}


   Skills:
 + Level 4.5 Fighting
 - Level 1.5 Dodging
 - Level 2.1 Stealth
 + Level 9.5 Spellcasting
 + Level 10.5 Conjurations
 - Level 3.0 Translocations
 - Level 4.1 Transmutations
 + Level 5.4 Fire Magic
 - Level 12.0 Earth Magic


You had 5 spell levels left.
You knew the following spells:

 Your Spells              Type           Power      Damage    Failure   Level
a - Sandblast             Erth           100%       2d20      1%          1
b - Passwall              Tmut/Erth      40%        N/A       1%          2
c - Stone Arrow           Conj/Erth      100%       3d13      1%          3
d - Petrify               Tmut/Erth      48%        N/A       2%          4
e - Iskenderun's Mystic   Conj/Tloc      42%        2d10      1%          4
f - Foxfire               Conj/Fire      100%       2x1d9     1%          1
g - Scorch                Fire           72%        2d8       1%          2
h - Sticky Flame          Conj/Fire      47%        2d6       1%          4
i - Flame Wave            Conj/Fire      47%        2d10      1%          4

Your spell library contained the following spells:

 Spells                   Type           Power      Damage    Failure   Level
 Static Discharge         Conj/Air       35%        N/A       1%          2
 Conjure Flame            Conj/Fire      47%        6-21      1%          3
 Ignite Poison            Fire/Tmut/Pois 25%        N/A       1%          3
 Mephitic Cloud           Conj/Pois/Air  27%        N/A       1%          3
 Blink                    Tloc           48%        N/A       2%          2
 Gell's Gravitas          Tloc           24%        N/A       4%          3
 Lesser Beckoning         Tloc           24%        N/A       4%          3
 Teleport Other           Tloc           24%        N/A       4%          3
 Dispel Undead            Necr           10%        3d9       52%         4
 Alistair's Intoxication  Tmut/Pois      13%        N/A       56%         5
 Summon Forest            Summ/Tloc      8%         N/A       65%         5
 Chain Lightning          Conj/Air       17%        3d23      100%        9
 Fire Storm               Conj/Fire      23%        8d6       100%        9
 Shatter                  Erth           30%        3d25*     100%        9


Dungeon Overview and Level Annotations

Branches:
Dungeon (9/15)             Temple (1/1) D:4            Lair (1/6) D:8
    Orc: D:9-12

Altars:
Ashenzari
Cheibriados
Dithmenos
Elyvilon
Fedhas
Gozag
Hepliaklqana
Kikubaaqudgha
Makhleb
Nemelex Xobeh
Okawaru
Qazlal
Ru
Sif Muna
Trog
Uskayaw
Vehumet
Wu Jian
Xom
Yredelemnul
Zin
The Shining One

Shops:
D:5 *

Annotations:
Lair:1 exclusion: 3 oklob plants


Innate Abilities, Weirdness & Mutations

You are immune to sickness and miasma.
Your stone body is resilient. (AC +8)
You are immune to poison.
You resist negative energy. (rN+)
You are resistant to electric shocks. (rElec)
You are resistant to unholy torment.
You are immune to petrification.


Message History

You kill the yak!
Vehumet accepts your kill.
k - 4 scrolls of magic mapping (gained 1) Key pressed, stopping explore.
You open the door.
There is an open door here.
There is an open door here.
You see here a yak skeleton.
You open the door.
Found an escape hatch in the floor.
There is an open door here.
There is an escape hatch in the floor here.
There is an open door here.
You open the door.
There is an open door here.
There is an open door here.
An oklob plant comes into view.
Marking area around an oklob plant as unsafe for travelling.
An oklob plant comes into view.
The oklob plant spits acid at you. The splash of acid hits you!
Marking area around an oklob plant as unsafe for travelling.
There is an open door, spattered with blood here.
Unknown command.
Unknown command.
Casting: Stone Arrow (safe; 1% risk of failure)
Confirm with . or Enter, or press ? or * to list all spells.
Okay, then.
Unknown command.
Unknown command.
Unknown command.
Found three stone staircases leading down.
The oklob plant spits acid at you. The splash of acid hits you!!!
Ouch! That really hurt!
* * * LOW HITPOINT WARNING * * *
The acid corrodes you! The oklob plant spits acid at you.
The splash of acid hits you!!
You die...

.................................
.................................
.#P.#............[....#####.##...
....#...##########....####..##...
....#...# #PPPPPP#....##....##...
....#...# #≈≈≈≈≈≈#.....#....##...
....#...# #≈....≈#....##....##...
....#...###......#....##....##...
....#...#>......@#....##.........
....#...#>.......'....##....#....
....#...#>.......#....##.#####...
##.##...###......#....####.#.....
........# #≈....≈#...............
........# #≈≈≈≈≈≈#...............
........# #PPPPPP#...............
........##########...............
.................................


You could see 3 oklob plants.

Vanquished Creatures
  4 hydras (Lair:1)
  A two-headed ogre (D:9)
  6 elephants (Lair:1)
  3 cane toads (Lair:1)
  A komodo dragon (Lair:1)
  A hornet (D:8)
  Grinder (D:4)
  5 blink frogs (Lair:1)
  9 yaks
  A wyvern (Lair:1)
  A steam dragon (D:7)
  2 vampire mosquitoes (D:9)
  4 water moccasins
  Duvessa (D:6)
  2 orc warriors
  3 ice beasts
  3 black bears
  An ogre (D:5)
  6 wolves (Lair:1)
  3 centaurs
  3 phantoms
  5 bullfrogs
  3 scorpions
  A wyvern skeleton (D:5)
  Dowan (D:6)
  12 wights
  4 killer bees (D:9)
  5 bullfrog zombies
  6 hounds
  2 centaur zombies (D:6)
  2 jellies
  A gnoll shaman (D:4)
  2 orc priests
  4 iguanas
  3 orc wizards
  6 killer bee zombies
  3 hound skeletons
  A howler monkey zombie (D:9)
  3 gnolls (D:4)
  8 adders
  2 shadow imps
  3 worms
  A dart slug (D:3)
  27 orcs
  5 ball pythons
  11 endoplasms
  2 giant cockroaches
  4 goblins
  4 hobgoblins
  5 quokkas
  7 bats
  4 frilled lizards
  6 kobolds
  9 rats
223 creatures vanquished.

Vanquished Creatures (others)
  3 foxfires (Lair:1)
  5 fungi
  8 plants
16 creatures vanquished.

Grand Total: 239 creatures vanquished

Notes
Turn   | Place    | Note
-------+----------+-------------------------------------------
     0 | D:1      | ReploidZero the Gargoyle Earth Elementalist began the quest
                  | for the Orb.
     0 | D:1      | Reached XP level 1. HP: 10/10 MP: 3/3
    85 | D:1      | Reached skill level 1 in Transmutations
   155 | D:1      | Reached XP level 2. HP: 15/15 MP: 3/5
   252 | D:1      | Got the Handbook of the Nocuous Compass
   298 | D:1      | Reached skill level 4 in Earth Magic
   442 | D:1      | Learned a level 2 spell: Passwall
   572 | D:1      | Noticed a floating eye
   574 | D:1      | Found a faded altar of an unknown god.
   576 | D:1      | Noticed a golden eye
   583 | D:1      | Noticed a golden eye
   586 | D:1      | Noticed a floating eye
   775 | D:1      | Reached XP level 3. HP: 10/19 MP: 6/6
  1470 | D:2      | Noticed a scorpion
  1482 | D:2      | Killed a scorpion
  1483 | D:2      | Reached XP level 4. HP: 24/24 MP: 3/8
  1570 | D:2      | Learned a level 3 spell: Stone Arrow
  2161 | D:3      | Reached XP level 5. HP: 28/28 MP: 7/9
  2310 | D:3      | Reached skill level 5 in Earth Magic
  3763 | D:4      | Noticed Grinder
  3775 | D:4      | Paralysed by Grinder for 5 turns
  4081 | D:4      | Reached skill level 1 in Conjurations
  4081 | D:4      | Reached XP level 6. HP: 32/32 MP: 10/10
  4482 | D:4      | Found a staircase to the Ecumenical Temple.
  4756 | D:4      | Paralysed by Grinder for 4 turns
  4763 | D:4      | Killed Grinder
  4764 | D:4      | Reached skill level 6 in Earth Magic
  4764 | D:4      | Reached XP level 7. HP: 36/36 MP: 11/13
  5130 | Temple   | Entered the Ecumenical Temple
  5188 | Temple   | Became a worshipper of Vehumet
  5271 | D:5      | Entered Level 5 of the Dungeon
  5972 | D:5      | Found Agoex's Assorted Antiques.
  5982 | D:5      | Bought a faintly glowing robe for 142 gold pieces
  5982 | D:5      | Identified the +0 robe of Lust {rPois Int+3} (You bought it
                  | in a shop on level 5 of the Dungeon)
  5998 | D:5      | Learned a level 4 spell: Petrify
  6003 | D:5      | Learned a level 4 spell: Iskenderun's Mystic Blast
  6401 | D:5      | Reached skill level 7 in Earth Magic
  6401 | D:5      | Reached XP level 8. HP: 41/41 MP: 14/15
  6499 | D:5      | Reached * piety under Vehumet
  6499 | D:5      | Offered knowledge of Foxfire by Vehumet.
  6502 | D:5      | Learned a level 1 spell: Foxfire
  6700 | D:5      | Reached skill level 5 in Spellcasting
  6708 | D:5      | Reached skill level 1 in Fire Magic
  6991 | D:6      | Reached skill level 5 in Conjurations
  7181 | D:6      | Reached skill level 8 in Earth Magic
  7184 | D:6      | Reached XP level 9. HP: 45/45 MP: 7/17
  7741 | D:6      | Noticed Duvessa
  7741 | D:6      | Noticed Dowan
  8202 | D:6      | Killed Duvessa
  8204 | D:6      | Killed Dowan
  8385 | D:7      | Reached skill level 9 in Earth Magic
  8641 | D:7      | Reached skill level 1 in Translocations
  8641 | D:7      | Offered knowledge of Scorch by Vehumet.
  8709 | D:7      | Reached ** piety under Vehumet
  8765 | D:7      | Found a white marble altar of Elyvilon.
  9235 | D:8      | Reached skill level 1 in Fighting
  9286 | D:8      | Learned a level 2 spell: Scorch
  9547 | D:8      | Noticed a hornet
  9553 | D:8      | Killed a hornet
  9554 | D:8      | Reached XP level 10. HP: 53/53 MP: 20/20
 10145 | D:8      | Found a staircase to the Lair.
 10148 | D:8      | Reached skill level 10 in Earth Magic
 10346 | D:9      | Identified the +1 chain mail "Yphiedee" {Dex+6}
 10477 | D:9      | Offered knowledge of Inner Flame by Vehumet.
 10651 | D:9      | Noticed a two-headed ogre
 10658 | D:9      | Killed a two-headed ogre
 10807 | D:9      | Noticed a gargoyle
 10808 | D:9      | Reached *** piety under Vehumet
 10986 | Lair:1   | Entered Level 1 of the Lair of Beasts
 11054 | Lair:1   | Noticed an eight-headed hydra
 11057 | Lair:1   | Noticed a seven-headed hydra
 11060 | Lair:1   | Killed an eight-headed hydra
 11064 | Lair:1   | Killed a seven-headed hydra
 11065 | Lair:1   | Reached skill level 11 in Earth Magic
 11065 | Lair:1   | Reached XP level 11. HP: 37/60 MP: 9/23
 11117 | Lair:1   | Learned a level 4 spell: Sticky Flame
 11756 | Lair:1   | Noticed a four-headed hydra
 11761 | Lair:1   | Killed a four-headed hydra
 11801 | Lair:1   | Noticed an eight-headed hydra
 11807 | Lair:1   | Killed an eight-headed hydra
 11929 | Lair:1   | Offered knowledge of Flame Wave by Vehumet.
 11930 | Lair:1   | Reached skill level 10 in Conjurations
 11930 | Lair:1   | Reached skill level 12 in Earth Magic
 11935 | Lair:1   | Learned a level 4 spell: Flame Wave
 12277 | Lair:1   | Noticed an oklob plant
 12455 | Lair:1   | Reached skill level 5 in Fire Magic
 12463 | Lair:1   | Reached XP level 12. HP: 27/66 MP: 3/25
 13023 | Lair:1   | Killed from afar by an oklob plant

Illustrated notes

Levels and vault maps discovered:
D:1:      evilmike_arrival_rings, layout_basic,
          hellmonk_ecumenical_altar_watching_god
D:2:      layout_loops_ring
D:3:      minmay_chambers_of_threes, layout_loops_ring,
          cheibrodos_sewer_entry_bend
D:4:      layout_loops_corners, minmay_temple_entry_arrows, uniq_grinder
D:5:      layout_cave_pods, serial_shops, shop, st_stairs_2,
          grunt_decor_resistance
D:6:      layout_rooms, grunt_ministairs_13, serial_bayou_pond_e,
          kennysheep_generic_room_3, uniq_duvessa
D:7:      layout_loops_ring, elyvilon_altar_5
D:8:      layout_basic, grunt_lair_entry_orc_guard_hut
D:9:      layout_rooms
Temple:   grunt_wide_crystal_templ
Lair:1:   dpeg_oklob_gauntlet, layout_regular_city

Skill      XL: |  1  2  3  4  5  6  7  8  9 10 11 |
---------------+----------------------------------+-----
Transmutations | 1 2 3 4 |  4.1
Earth Magic    | 4 5 6 7 8 9 11 12 | 12.0
Spellcasting   | 3 4 5 7 8 9 |  9.5
Conjurations   | 1 3 4 5 7 9 10 | 10.5
Fire Magic     | 2 3 5 |  5.4
Translocations | 2 3 |  3.0
Fighting       | 2 3 4 |  4.5
Dodging        | |  1.5
Stealth        | |  2.1

Action                   |  1- 3 |  4- 6 |  7- 9 | 10-12 || total
-------------------------+-------+-------+-------+-------++-------
Melee: Unarmed           |    19 |       |       |       ||    19
       Mace              |    13 |    54 |       |       ||    67
       Punch             |       |     4 |     2 |       ||     6
       Dagger            |       |    65 |   105 |       ||   170
       Dire flail        |       |       |    16 |    42 ||    58
 Cast: Sandblast         |    30 |    46 |     6 |       ||    82
       Stone Arrow       |       |    12 |    93 |   129 ||   234
       Passwall          |       |     2 |       |       ||     2
       Foxfire           |       |       |     1 |     2 ||     3
       Iskenderun's Myst |       |       |       |    36 ||    36
       Scorch            |       |       |       |     6 ||     6
       Sticky Flame      |       |       |       |     2 ||     2
       Flame Wave        |       |       |       |     1 ||     1
  Use: Scroll            |     3 |     5 |       |    10 ||    18
 Stab: Sleeping          |     2 |     4 |       |       ||     6
Armor: Robe              |    11 |    68 |    86 |    94 ||   259
Dodge: Dodged            |    23 |    89 |    96 |    94 ||   302
